 Dungeon Crawl Stone Soup version 0.21-a0-538-gd16b88a (webtiles) character file.

159 mortelune the Chopper (level 5, -1/47 HPs)
             Began as a Minotaur Berserker on Dec 16, 2017.
             Was a Believer of Trog.
             Killed from afar by an orc wizard (10 damage)
             ... with a magic dart
             ... on level 4 of the Dungeon.
             The game lasted 00:05:02 (3332 turns).

mortelune the Chopper (Minotaur Berserker)          Turns: 3332, Time: 00:05:03

Health: -1/47      AC:  3    Str: 23    XL:     5   Next: 17%
Magic:  4/4        EV: 12    Int:  4    God:    Trog [**....]
Gold:   129        SH:  0    Dex:  9    Spells: 4/4 levels left

rFire    . . .     SeeInvis .   a - +0 hand axe
rCold    . . .     Gourm    .   (no shield)
rNeg     . . .     Faith    .   e - +0 leather armour
rPois    .         Spirit   .   (helmet restricted)
rElec    .         Reflect  .   (no cloak)
rCorr    .         Harm     .   (no gloves)
MR       .....                  (no boots)
Stlth    +.........             (no amulet)
HPRegen  0.15/turn              (no ring)
MPRegen  0.09/turn              (no ring)

@: berserk cooldown, slowed, very slow
A: retaliatory headbutt, horns 2
a: Berserk, Trog's Hand, Burn Spellbooks, Renounce Religion


You were on level 4 of the Dungeon.
You worshipped Trog.
Trog was pleased with you.
You were very hungry.

You visited 1 branch of the dungeon, and saw 4 of its levels.

You collected 129 gold pieces.

Inventory:

Hand Weapons
 a - a +0 hand axe (weapon)
 s - a +0 hunting sling
Missiles
 i - 219 stones (quivered)
Armour
 b - a +0 animal skin
 e - a +0 leather armour (worn)
Scrolls
 d - a scroll of immolation {unknown}
 h - 2 scrolls of identify {unknown}
 k - a scroll of magic mapping {unknown}
 l - a scroll of enchant weapon {unknown}
 m - a scroll of enchant armour {unknown}
 o - a scroll of remove curse {unknown}
 p - a scroll of fear {unknown}
 q - a scroll of blinking {unknown}
 v - a scroll of amnesia {unknown}
Potions
 f - 2 potions of agility {unknown}
 j - a potion of might {unknown}
 r - a potion of curing {unknown}
 u - a potion of degeneration {unknown}
Comestibles
 c - 4 bread rations
 g - 3 royal jellies
 n - a meat ration


   Skills:
 + Level 4.7 Fighting
 * Level 5.6 Axes
 + Level 3.8 Armour
 - Level 2.2 Dodging


You had 4 spell levels left.
You didn't know any spells.

Dungeon Overview and Level Annotations

Branches:
Dungeon (4/15)
 Temple: D:4-7

Altars:
Ashenzari
Qazlal


Innate Abilities, Weirdness & Mutations

You reflexively headbutt those who attack you in melee.
You have a pair of horns on your head.


Message History

* * * LOW HITPOINT WARNING * * *
You hit the orc wizard but do no damage.
Your headbutt misses the orc wizard.
The orc wizard is moderately wounded.
The orc wizard completely misses you. The orc wizard casts a spell at you.
The magic dart hits you!
* * * LOW HITPOINT WARNING * * *
The orc wizard hits you with a dagger.
* * * LOW HITPOINT WARNING * * *
You miss the orc wizard. You headbutt the orc wizard!
The orc wizard is almost dead.
The orc wizard hits you but does no damage.
The orc wizard gestures wildly while chanting.
The orc wizard blinks!
The orc wizard barely misses you. You furiously retaliate!
You headbutt the orc wizard, but do no damage.
The orc wizard casts a spell at you. The magic dart hits you!
You die...

#......# ####......+
#######..##..<..##
#................###
#........##.§§...≈≈≈
#....##..##.##≈≈..#≈
######....##....≈##^...≈#
.......).o......§§#≈..^##
......†.@.....##≈^.^≈.^.^
...#########..#.§...._...
##.##..#.^....§.^≈
..........≈###^§§##
............≈§.§§.#
..........^.^§§§.#.
###.....##.≈§^^§.≈.
#......######.### ######.


You could see an orc wizard.

Vanquished Creatures
  4 gnolls (D:3)
  3 adders
  5 worms
  3 dart slugs (D:2)
  6 leopard geckos
  2 orcs (D:4)
  5 giant cockroaches
  5 goblins
  9 hobgoblins
  6 kobolds
  2 quokkas (D:3)
  3 ball pythons (D:2)
  3 bats
  2 frilled lizards (D:2)
  8 rats
66 creatures vanquished.

Notes
Turn   | Place    | Note
-------+----------+-------------------------------------------
     0 | D:1      | mortelune the Minotaur Berserker began the quest for the Orb.
     0 | D:1      | Reached XP level 1. HP: 19/19 MP: 0/0
   381 | D:1      | Reached skill level 4 in Axes
   381 | D:1      | Reached XP level 2. HP: 26/27 MP: 1/1
  1137 | D:2      | Reached ** piety under Trog
  1137 | D:2      | Reached XP level 3. HP: 33/33 MP: 2/2
  1581 | D:2      | Reached XP level 4. HP: 40/40 MP: 3/3
  1875 | D:2      | Reached skill level 5 in Axes
  2791 | D:3      | Found a shattered altar of Ashenzari.
  2792 | D:3      | Found a stormy altar of Qazlal.
  2849 | D:3      | Reached XP level 5. HP: 47/47 MP: 4/4
  3298 | D:4      | Found a stormy altar of Qazlal.
  3332 | D:4      | Killed from afar by an orc wizard

Vault maps used:
D:1:      scummos_arrival_simple_crosswalls
D:2:      first_bread
D:3:      gammafunk_temple_overflow_pools
D:4:      grunt_temple_overflow_open, grunt_qazlal_sundering

Skill      XL: |  1  2  3  4 |
---------------+-------------+-----
Axes           | 4 5 |  5.6
Fighting       | 4 |  4.7
Armour         | 3 |  3.8
Dodging        | |  2.2

Action                   |  1- 3 |  4- 6 || total
-------------------------+-------+-------++-------
Melee: Hand axe          |    87 |    84 ||   171
       Headbutt          |    12 |    17 ||    29
Invok: Berserk           |     1 |     2 ||     3
  Eat: Chunk             |     3 |     6 ||     9
Armor: Leather armour    |    19 |    13 ||    32
Dodge: Dodged            |    66 |    30 ||    96

Table legend:
 A = Spawn XP
 B = Non-spawn XP
 C = Spawn XP percentage of total XP
 D = Spawn monster count
 E = Non-spawn monster count
 F = Spawn count percentage of total count
 G = Total turns spent on level
                    A         B        C        D         E        F      G
               +---------+---------+-------+---------+---------+-------+---------
         Total |       0 |     228 |   0.0 |       0 |      66 |   0.0 |  3332
               +---------+---------+-------+---------+---------+-------+---------
           D:1 |       0 |      35 |   0.0 |       0 |      18 |   0.0 |  1076
           D:2 |       0 |      89 |   0.0 |       0 |      29 |   0.0 |  1460
           D:3 |       0 |      93 |   0.0 |       0 |      16 |   0.0 |   762
           D:4 |       0 |      11 |   0.0 |       0 |       3 |   0.0 |    34
               +---------+---------+-------+---------+---------+-------+---------
